AoeStats
← FlyingDP

Nomad

509421566Analyzed
3v3 RM · 6d ago on Sep 26, 2026· 52m 35s· 6 players
Game mode
Random Map
Map size
210×210
Population
200
Speed
Normal
Resources
Standard
Victory
Conquest
Starting age
Dark Age
Ending age
Imperial Age
RankedLock teamsTeams togetherTeam positionsShared explorationLock speedFull tech treeHidden civsTurbo modeCheats
Victory
Defeat
🇺🇸 Persians · United States
1122
+14
🇺🇸 Varangians · United States
1119
+14
🇺🇸 Lithuanians · United States
1082
+16
🇦🇷 Varangians · Argentina
1123
-16
🇦🇷 Vikings · Argentina
1118
-16
🇦🇷 Japanese · Argentina
1015
-12
EZEKIEL_2517
5:45 Loom
12:08 Feudal Age
12:40 Double-Bit Axe
18:46 Fletching
26:15 Castle Age
37:43 Imperial Age
36:05 Bow Saw
36:29 Masonry
36:30 Fishing Lines
37:43 Horse Collar
38:06 Gillnets
39:27 Padded Archer Armor
39:25 Crossbowman
41:28 Chemistry
41:35 Arbalester
42:11 Bodkin Arrow
43:05 Bracer
50:59 Architecture
Challwaq
4:40 Loom
17:16 Feudal Age
24:50 Stone Mining
25:24 Man-at-Arms
26:21 Fletching
31:53 Castle Age
35:13 Long Swordsman
Moralelastic
6:04 Loom
13:37 Feudal Age
14:18 Double-Bit Axe
14:30 Fishing Lines
19:45 Castle Age
19:10 Fletching
19:31 Gold Mining
20:49 Bodkin Arrow
21:12 Gillnets
24:20 Wheelbarrow
23:58 Bow Saw
30:13 Imperial Age
28:27 Hand Cart
28:58 Forging
29:30 Town Watch
32:53 Elite Jarl
36:43 Iron Casting
37:39 Bloodlines
37:30 Husbandry
37:59 Conscription
37:58 Murder Holes
38:14 Masonry
38:29 Siege Engineers
40:34 Architecture
39:46 Treadmill Crane
40:15 Stone Mining
41:30 Blast Furnace
43:04 Scale Barding Armor
45:55 Chain Barding Armor
Dilly Dilly
6:13 Loom
13:46 Feudal Age
15:26 Double-Bit Axe
15:06 Man-at-Arms
16:56 Wheelbarrow
18:28 Forging
22:52 Castle Age
21:10 Fletching
21:34 Horse Collar
23:08 Stone Mining
24:00 Bow Saw
26:03 Hand Cart
29:05 Bodkin Arrow
28:58 Town Watch
30:46 Squires
30:54 Scale Mail Armor
31:32 Iron Casting
30:45 Arson
31:17 Heavy Plow
33:23 Gold Mining
35:48 Scale Barding Armor
36:00 Chain Mail Armor
37:25 Chain Barding Armor
38:07 Bloodlines
42:58 Imperial Age
43:15 Stone Shaft Mining
43:38 Husbandry
44:18 Conscription
43:50 Elite Varangian Guard
45:59 Two-Man Saw
45:46 Crop Rotation
45:30 Gothikon
47:03 Plate Barding Armor
47:29 Blast Furnace
47:41 Elite Jarl
49:27 Plate Mail Armor
FlyingDP
5:56 Loom
12:27 Feudal Age
17:28 Castle Age
17:11 Scale Barding Armor
18:11 Loom
18:48 Forging
19:53 Double-Bit Axe
22:38 Chain Barding Armor
30:41 Wheelbarrow
32:21 Gold Mining
32:45 Crossbowman
33:18 Fletching
35:49 Ballistics
42:40 Imperial Age
42:31 Bloodlines
43:50 Padded Archer Armor
45:30 Conscription
46:07 Husbandry
48:30 Bodkin Arrow
50:18 Cavalier
ShallotForBrains
10:41 Loom
13:24 Feudal Age
13:52 Town Watch
20:44 Castle Age
20:19 Scale Barding Armor
23:42 Medium Warships
29:09 Fervor
28:54 Double-Bit Axe
30:29 Scale Mail Armor
30:43 Forging
31:16 Chain Barding Armor
31:09 Horse Collar
33:50 Sanctity
35:12 Husbandry
37:12 Wheelbarrow
40:41 Imperial Age
39:54 Bloodlines
40:19 Hand Cart
41:41 Padded Archer Armor
41:08 Cavalier
42:26 Gold Mining
42:48 Bow Saw
43:41 Masonry
47:17 Plate Barding Armor
47:23 Forging
48:17 Paladin
49:06 Stone Mining
48:48 Capped Ram
50:02 Fletching
52:58 Hoardings
53:09 Iron Casting
52:03 Elite Skirmisher
Connection lost

Rejoining the realm…

Still unreachable

The connection could not be restored.

Session expired

The server has moved on; the page needs a fresh start.